 Dungeon Crawl Stone Soup version 0.21.1-1-g345015f (webtiles) character file.

347 kaesh the Cudgeler (level 6, -1/61 HPs)
             Began as a Troll Monk on Mar 3, 2018.
             Slain by an orc wizard
             ... wielding a +0 dagger
              (4 damage)
             ... on level 4 of the Dungeon.
             The game lasted 00:10:09 (3145 turns).

kaesh the Cudgeler (Troll Monk)                     Turns: 3145, Time: 00:10:11

Health: -1/61      AC:  6    Str: 22      XL:     6   Next: 32%
Magic:  0/5        EV: 11    Int:  4 (6)  God:
Gold:   215        SH:  0    Dex: 10 (12) Spells: 5/5 levels left

rFire    . . .     SeeInvis .   a - +0 mace
rCold    . . .     Gourm    +   (no shield)
rNeg     . . .     Faith    .   b - +0 robe
rPois    .         Spirit   +   k - +0 hat
rElec    .         Reflect  .   o - +0 cloak
rCorr    .         Harm     .   (gloves unavailable)
MR       .....                  (boots unavailable)
Stlth    ++........             e - amulet of guardian spirit
HPRegen  0.60/turn              (no ring)
MPRegen  0.09/turn              (no ring)

@: confused, slowed, drained, very slow
A: large, unfitting armour, claws 3, camouflage 1, fast metabolism 3, gourmand,
regeneration 1, shaggy fur 1, tough skin 2, wild magic 1
a: no special abilities


You were on level 4 of the Dungeon.
You were completely stuffed.

You visited 1 branch of the dungeon, and saw 4 of its levels.

You collected 215 gold pieces.

Inventory:

Hand Weapons
 a - a +0 mace (weapon)
Armour
 b - a +0 robe (worn)
 k - a +0 hat (worn)
 o - a +0 cloak (worn)
Jewellery
 e - an amulet of guardian spirit (around neck)
Wands
 j - a wand of polymorph (14)
Scrolls
 d - 5 scrolls of amnesia
 f - 2 scrolls of remove curse
 i - 3 scrolls of teleportation
Potions
 l - 2 potions of haste
 m - a potion of might {unknown}
 n - a potion of lignification {unknown}
Comestibles
 c - 8 rations
 g - 6 chunks of flesh


   Skills:
 + Level 3.3(2.9) Fighting
 + Level 5.0(4.6) Maces & Flails
 + Level 3.8(3.4) Dodging
 - Level 1.0(0.6) Stealth


You had 5 spell levels left.
You didn't know any spells.

Dungeon Overview and Level Annotations

Branches:
Dungeon (4/15)
 Temple: D:4-7

Altars:
Fedhas
Makhleb
Nemelex Xobeh
Ru
Vehumet
Yredelemnul

Annotations:
D:3 exclusion: oklob plant
D:4 exclusion: statue


Innate Abilities, Weirdness & Mutations

You are too large for most types of armour.
You have claws for hands.
Your metabolism is lightning-fast.
You like to eat raw meat.
Your natural rate of healing is unusually fast.
You are covered in fur. (AC +1)
You have very tough skin. (AC +2)
Your skin changes colour to match your surroundings (Stealth+).
Your spells are a little harder to cast, but a little more powerful.


Message History

The puff of flame hits you!
* * * LOW HITPOINT WARNING * * *
The orc wizard mumbles some strange words.
The orc wizard flickers and vanishes!
Something hits you but does no damage.
You thump something!
Reactivating autopickup.
You feel a bit more experienced. Something hits you but does no damage.
Deactivating autopickup; reactivate with Ctrl-A.
You miss something. Something hits you but does no damage. Something hits you.
* * * LOW HITPOINT WARNING * * *
Something hits you.
* * * LOW HITPOINT WARNING * * *
Something hits you but does no damage.
You miss something. Something hits you but does no damage.
You hear some strange, mumbled words.
You are confused.
Something hits you.
* * * LOW HITPOINT WARNING * * *
Something hits you.
You die...

#.# ##...
.#..........## #.#
##..###.(#######.#.#
#.# #...#.#...# #.#.#
######.###.###.###.
#.#.#
............#..:./#
#.#.#
#######.###.###o###.#
#<#.# #.#
#)..#o'...#### #>#.#
..# #..)###......#
#.#.# #### #<#.@)..#
#(.# #.#.#
#.###{#####..###...#
... ..........)...#
##### .#####..####.##
.# #..# #.# .# #..#
#.# .# #..# #.# .#
#..####.###
#..........


There were no monsters in sight!

Vanquished Creatures
  A scorpion (D:4)
  4 orc wizards
  A bullfrog skeleton (D:4)
  Robin (D:2)
  6 adders
  2 oozes
  A worm (D:3)
  2 dart slugs
  3 leopard geckos
  7 orcs (D:4)
  A ball python (D:1)
  18 goblins
  7 hobgoblins
  4 jackals (D:1)
  6 bats
  5 kobolds
  5 rats
74 creatures vanquished.

Vanquished Creatures (others)
  A ghoul (D:1)
  An octopode (D:1)
  2 gargoyles (D:1)
  An elf (D:1)
  A troll (D:1)
  3 formicids (D:1)
  A spriggan (D:1)
  A vampire (D:1)
  A human (D:1)
  2 nagas (D:1)
  An ogre (D:1)
  5 tentacles (D:1)
20 creatures vanquished.

Grand Total: 94 creatures vanquished

Notes
Turn   | Place    | Note
-------+----------+-------------------------------------------
     0 | D:1      | kaesh the Troll Monk began the quest for the Orb.
     0 | D:1      | Reached XP level 1. HP: 22/22 MP: 0/0
     3 | D:1      | Noticed a naga
     3 | D:1      | Noticed a gargoyle
     3 | D:1      | Noticed a formicid
     3 | D:1      | Noticed a vampire
     3 | D:1      | Noticed an ogre
     3 | D:1      | Noticed a formicid
     3 | D:1      | Noticed a naga
     3 | D:1      | Noticed a human
     3 | D:1      | Noticed a kraken
     3 | D:1      | Noticed an elf
     3 | D:1      | Noticed an octopode
     3 | D:1      | Noticed a ghoul
     3 | D:1      | Noticed a gargoyle
     3 | D:1      | Noticed a spriggan
     3 | D:1      | Noticed a troll
     3 | D:1      | Noticed a formicid
     4 | D:1      | Killed a gargoyle
     4 | D:1      | Killed a vampire
     4 | D:1      | Killed a formicid
     5 | D:1      | Killed a naga
     5 | D:1      | Killed an ogre
     5 | D:1      | Killed a formicid
     6 | D:1      | Killed a human
     7 | D:1      | Killed an octopode
     7 | D:1      | Killed a naga
     8 | D:1      | Killed a gargoyle
     8 | D:1      | Killed an elf
    11 | D:1      | Killed a troll
    12 | D:1      | Killed a ghoul
    12 | D:1      | Killed a formicid
    13 | D:1      | Killed a spriggan
   100 | D:1      | Reached XP level 2. HP: 25/29 MP: 1/1
   138 | D:1      | Reached skill level 3 in Maces & Flails
   744 | D:2      | Found a sacrificial altar of Ru.
   749 | D:2      | Reached XP level 3. HP: 36/36 MP: 2/2
   882 | D:2      | Reached XP level 4. HP: 37/44 MP: 3/3
  1009 | D:2      | Gained mutation: Your skin changes colour to match your surroundings (Stealth+). [potion of mutation]
  1009 | D:2      | Gained mutation: Your spells are a little harder to cast, but a little more powerful. [potion of mutation]
  1286 | D:2      | Found a sparkling altar of Nemelex Xobeh.
  1327 | D:2      | Reached skill level 4 in Maces & Flails
  1538 | D:2      | Noticed Robin
  1563 | D:2      | Killed Robin
  1563 | D:2      | Reached XP level 5. HP: 24/53 MP: 4/4
  1761 | D:3      | Found a basalt altar of Yredelemnul.
  1820 | D:3      | Found a burning altar of Makhleb.
  2480 | D:3      | Found a blossoming altar of Fedhas.
  2501 | D:3      | Noticed an oklob plant
  2915 | D:4      | Found a radiant altar of Vehumet.
  2915 | D:4      | Noticed a charred statue
  2945 | D:4      | Reached XP level 6. HP: 54/61 MP: 3/5
  3126 | D:4      | Reached skill level 5 in Maces & Flails
  3145 | D:4      | HP: 3/61 [something (3)]
  3145 | D:4      | Slain by an orc wizard

Skill      XL: |  1  2  3  4  5  6 |
---------------+-------------------+-----
Maces & Flails | 3 4 5 |  5.0
Fighting       | 3 |  3.3
Dodging        | 3 |  3.8
Stealth        | |  1.0

Action                   |  1- 3 |  4- 6 || total
-------------------------+-------+-------++-------
Melee: Mace              |    68 |   218 ||   286
  Use: Potion            |       |    10 ||    10
       Scroll            |       |     8 ||     8
 Stab: Sleeping          |     3 |     2 ||     5
       Paralysed         |     2 |       ||     2
  Eat: Chunk             |    14 |    21 ||    35
Armor: Robe              |    34 |    87 ||   121
Dodge: Dodged            |    39 |   142 ||   181
